 Dungeon Crawl Stone Soup version 0.30-a0-728-gc68057be0a (webtiles) character file.

Game seed: 7985225994894946635

4784 warriortoast the Fighter (level 10, -1/87 HPs)
             Began as a Barachi Fighter on Jan 30, 2023.
             Was a Believer of the Shining One.
             Slain by a boulder beetle (14 damage)
             ... on level 7 of the Dungeon.
             The game lasted 00:18:06 (7388 turns).

warriortoast the Fighter (Barachi Fighter)          Turns: 7388, Time: 00:18:07

Health: -1/87      AC: 14    Str: 26    XL:     10   Next: 47%
Magic:  0/15       EV:  9    Int: 10    God:    the Shining One [**....]
Gold:   458        SH:  4    Dex: 12    Spells: 9/9 levels left

rFire   . . .      SeeInvis .    a - +0 war axe
rCold   . . .      Faith    .    c - +0 buckler
rNeg    + . .      Spirit   +    b - +0 scale mail
rPois   .          Reflect  .    q - +0 helmet
rElec   .          Harm     .    E - +0 cloak
rCorr   .          Rampage  .    v - +0 pair of gloves
Will    .....                    (no boots) Stlth
                                 t - amulet of guardian spirit
HPRegen 0.34/turn                I - +6 ring of strength
MPRegen 0.14/turn                M - +4 ring of protection

@: glowing, slow
A: amphibious, slowness 1, strong legs 1, +LOS
a: Hop, Renounce Religion, Divine Shield


You were on level 7 of the Dungeon.
You worshipped the Shining One.
The Shining One was pleased with you.
You visited 1 branch of the dungeon, and saw 7 of its levels.

You collected 458 gold pieces.

Inventory:

Hand Weapons
 a - a +0 war axe (weapon)
Missiles
 F - 17 poisoned darts (quivered)
Armour
 b - a +0 scale mail (worn)
 c - a +0 buckler (worn)
 d - +0 steam dragon scales
 k - a +0 plate armour
 q - a +0 helmet (worn)
 v - a +0 pair of gloves (worn)
 E - a +0 cloak (worn)
Jewellery
 j - an amulet of magic regeneration
 p - an amulet of faith
 t - an amulet of guardian spirit (around neck)
 I - a +6 ring of strength (left hand)
 J - a +6 ring of strength
 M - a +4 ring of protection (right hand)
Wands
 L - a wand of polymorph (10)
Scrolls
 e - 7 scrolls of identify
 f - a scroll of fog {unknown}
 h - 3 scrolls of butterflies
 n - a scroll of amnesia {unknown}
 o - 3 scrolls of teleportation
 r - a scroll of enchant weapon {unknown}
 w - a scroll of vulnerability {unknown}
 y - 3 scrolls of enchant armour {unknown}
 z - 4 scrolls of blinking {unknown}
 B - a scroll of poison {unknown}
 C - a scroll of fear {unknown}
 H - 2 scrolls of brand weapon {unknown}
Potions
 g - 2 potions of attraction {unknown}
 i - a potion of mutation {unknown}
 l - 2 potions of berserk rage {unknown}
 m - a potion of cancellation {unknown}
 s - 6 potions of curing
 u - a potion of lignification {unknown}
 x - a potion of degeneration {unknown}
 A - 2 potions of brilliance {unknown}
 D - 2 potions of haste {unknown}
 G - 2 potions of heal wounds {unknown}
 K - a potion of resistance {unknown}
 N - a potion of flight {unknown}


   Skills:
 + Level 11.1 Fighting
 + Level 9.9 Axes
 - Level 3.6 Armour
 - Level 3.2 Shields
 + Level 7.8 Invocations


You had 9 spell levels left.
You didn't know any spells.
Your spell library contained the following spells:

 Spells                   Type           Power      Damage    Failure   Level
 Sting                    Tmut/Pois      0%         1d3       75%         1
 Blink                    Tloc           0%         N/A       86%         2
 Lesser Beckoning         Tloc           0%         N/A       86%         2
 Poisonous Vapours        Pois/Air       0%         N/A       86%         2
 Gell's Gravitas          Tloc           0%         N/A       98%         3
 Ignite Poison            Fire/Tmut/Pois 0%         N/A       98%         3
 Teleport Other           Tloc           0%         N/A       98%         3
 Manifold Assault         Tloc           0%         N/A       100%        4
 Olgreb's Toxic Radiance  Pois           0%         N/A       100%        4
 Sticky Flame             Conj/Fire      0%         2d3       100%        4
 Summon Lightning Spire   Summ/Air       0%         N/A       100%        4
 Iron Shot                Conj/Erth      0%         9d1       100%        6
 Statue Form              Tmut/Erth      0%         N/A       100%        6
 Storm Form               Tmut/Air       0%         N/A       100%        7
 Disjunction              Tloc           0%         N/A       100%        8
 Ignition                 Fire           0%         3d3       100%        8
 Maxwell's Capacitive Co  Air            0%         ∞         100%        8


Dungeon Overview and Level Annotations

Branches:
Dungeon (7/15)             Temple (0/1) D:4

Altars:
Fedhas
Hepliaklqana
Makhleb
Okawaru
Ru
Sif Muna
Vehumet
The Shining One

Shops:
D:4 =


Innate Abilities, Weirdness & Mutations

You are amphibious.
You cover ground slowly.
You can hop short distances.
You have an extended range of vision and can be seen from far away.


Message History

The boulder beetle is severely wounded.
The boulder beetle bites you but does no damage.
You hit the boulder beetle but do no damage.
The boulder beetle is severely wounded.
The boulder beetle bites you!
You hit the boulder beetle but do no damage.
The boulder beetle is severely wounded.
The boulder beetle bites you but does no damage.
You slash the boulder beetle!
The boulder beetle is almost dead.
The boulder beetle closely misses you.
You hit the boulder beetle.
The boulder beetle is almost dead.
The boulder beetle leaps!
The boulder beetle curls into a ball and begins rolling!
You hit the boulder beetle.
The boulder beetle is almost dead.
The boulder beetle barely misses you.
The boulder beetle stops rolling and uncurls.
You hit the boulder beetle.
The boulder beetle is almost dead.
The boulder beetle leaps!
The boulder beetle curls into a ball and begins rolling!
The boulder beetle hits you!!
* * * LOW HITPOINT WARNING * * *
The boulder beetle stops rolling and uncurls.
You hit the boulder beetle but do no damage.
The boulder beetle is almost dead.
The boulder beetle bites you but does no damage.
You hit the boulder beetle but do no damage.
The boulder beetle is almost dead.
The boulder beetle bites you!
* * * LOW HITPOINT WARNING * * *
You hit the boulder beetle but do no damage.
The boulder beetle is almost dead.
The boulder beetle barely misses you.
You hit the boulder beetle but do no damage.
The boulder beetle is almost dead.
The boulder beetle bites you!
You die...

....+..# #.# #).........#.#
#...#### #.# #.[......#.#.##
......#########.###.....#....[...
..........)[))..†.'.......##.#.##
#####.#########.###.......##.#.##
##.#######.#........#..#..#.##
##.................#.#).#.##.##
#..######.####.......#..#......
#.......[.....@B...###..#......
#########.########)#....##.#.##
♣...♣)..♣.. #.........#.#
#♣♣.♣.♣.♣.♣.♣ ###....####.#
#.♣.♣.♣.♣.♣.♣ #.........#.##
#.♣.♣.♣.♣.♣.♣ #.###.#.......
#.†.♣.......♣ #.....##......
#######♣.♣### ########......
#.♣.♣.# ♣ ♣# #......


You could see a boulder beetle.

Vanquished Creatures
  An unseen horror (D:7)
  2 trolls (D:7)
  2 hornets (D:7)
  2 wyverns (D:7)
  Sigmund (D:6)
  2 steam dragons
  Menkaure (D:6)
  A vampire mosquito (D:7)
  A water moccasin (D:7)
  An ice beast (D:7)
  2 sky beasts (D:7)
  3 black bears
  2 ogres
  A centaur (D:7)
  A phantom (D:4)
  2 kobold brigands (D:7)
  2 bullfrogs
  A gnoll sergeant (D:6)
  3 scorpions
  A wight (D:7)
  A howler monkey (D:5)
  2 jellies
  4 gnoll boudas
  4 orc priests
  3 hounds
  7 iguanas
  7 orc wizards
  Robin (D:2)
  23 gnolls
  10 adders
  2 shadow imps (D:7)
  2 white imps (D:7)
  An ufetubus (D:5)
  2 worms
  2 dart slugs
  14 orcs
  9 ball pythons
  8 endoplasms
  A giant cockroach (D:2)
  17 goblins
  5 hobgoblins (D:2)
  2 quokkas
  4 bats
  A frilled lizard (D:2)
  8 kobolds
  6 rats
178 creatures vanquished.

Vanquished Creatures (others)
  8 plants (D:7)
8 creatures vanquished.

Grand Total: 186 creatures vanquished

Notes
Turn   | Place    | Note
-------+----------+-------------------------------------------
     0 | D:1      | warriortoast the Barachi Fighter began the quest for the
                  | Orb.
     0 | D:1      | Reached XP level 1. HP: 18/18 MP: 1/1
   103 | D:1      | Reached skill level 4 in Fighting
   103 | D:1      | Reached XP level 2. HP: 25/25 MP: 2/2
   723 | D:2      | Found a faded altar of an unknown god.
   730 | D:2      | Reached XP level 3. HP: 31/31 MP: 3/3
   733 | D:2      | Prayed at the altar of an unknown god.
   733 | D:2      | Became a worshipper of the Shining One
   733 | D:2      | Reached * piety under the Shining One
  1199 | D:2      | Reached XP level 4. HP: 37/38 MP: 4/4
  1201 | D:2      | Reached skill level 1 in Invocations
  1475 | D:2      | Noticed Robin
  1497 | D:2      | Killed Robin
  1498 | D:2      | Reached skill level 5 in Fighting
  1760 | D:2      | Reached XP level 5. HP: 44/44 MP: 6/6
  2139 | D:3      | Found a sacrificial altar of Ru.
  2369 | D:3      | Found a burning altar of Makhleb.
  2585 | D:4      | Reached ** piety under the Shining One
  2706 | D:3      | Reached XP level 6. HP: 48/51 MP: 7/7
  2883 | D:4      | Found an iron altar of Okawaru.
  2957 | D:3      | Found a blossoming altar of Fedhas.
  2957 | D:3      | Found a radiant altar of Vehumet.
  3185 | D:4      | Found a hazy altar of Hepliaklqana.
  3209 | D:4      | Reached skill level 6 in Fighting
  3415 | D:4      | Reached skill level 5 in Axes
  3463 | D:4      | Found a staircase to the Ecumenical Temple.
  3484 | D:4      | Found Foz Sera's Jewellery Boutique.
  3585 | D:5      | Entered Level 5 of the Dungeon
  3602 | D:5      | Reached XP level 7. HP: 48/58 MP: 9/9
  3716 | D:5      | Noticed a steam dragon
  4032 | D:5      | Killed a steam dragon
  4290 | D:5      | Reached skill level 7 in Fighting
  4305 | D:5      | Reached XP level 8. HP: 66/67 MP: 11/11
  4368 | D:5      | Got Noitea's Incunable of Shifting and Topomancy
  4467 | D:5      | Found a shimmering blue altar of Sif Muna.
  4656 | D:6      | Noticed Menkaure
  4685 | D:6      | Killed Menkaure
  4822 | D:6      | Reached skill level 8 in Fighting
  4826 | D:6      | Reached skill level 5 in Invocations
  4951 | D:6      | Noticed Sigmund
  5153 | D:6      | Killed Sigmund
  5438 | D:6      | Reached XP level 9. HP: 61/75 MP: 9/13
  5648 | D:7      | Noticed a hornet
  5660 | D:7      | Killed a hornet
  5661 | D:7      | Reached skill level 9 in Fighting
  6034 | D:7      | Noticed a troll
  6034 | D:7      | Noticed a two-headed ogre
  6034 | D:7      | Noticed a boulder beetle
  6117 | D:7      | Reached skill level 10 in Fighting
  6229 | D:7      | Killed a troll
  6366 | D:7      | Reached XP level 10. HP: 77/85 MP: 12/15
  6437 | D:7      | Paralysed by a hornet for 2 turns
  7091 | D:7      | Noticed an unseen horror
  7111 | D:7      | Killed an unseen horror
  7112 | D:7      | Reached skill level 11 in Fighting
  7388 | D:7      | Slain by a boulder beetle

Illustrated notes

Levels and vault maps discovered:
D:1:      minmay_arrival_stone_box, layout_loops_ring, minmay_pentomino_z4
D:2:      layout_basic, basic_ecumenical_altar, nicolae_figureground_pulse,
          uniq_robin
D:3:      layout_basic, hangedman_ru_absence, nicolae_overflow_hidden_temple,
          minmay_vboxes
D:4:      layout_gridville, lemuel_doored_altar, nzn_hepliaklqana_mist_gate,
          serial_shops, nicolae_take_the_stairs
D:5:      layout_rooms, lemuel_round_altar, hangedman_decor_slide_cut,
          st_stairs_2, minmay_misc_feat_nine_boxes
D:6:      layout_rooms, uniq_sigmund, uniq_menkaure
D:7:      nzn_winding_woodlands_stair_cross
          [nzn_winding_woodlands_5x15_sidewinder,
          nzn_winding_woodlands_center_triple_pond,
          nzn_winding_woodlands_5x15_pockets, nzn_winding_woodlands_hourglass,
          nzn_winding_woodlands_5x5_default,
          nzn_winding_woodlands_5x15_river_crossing,
          nzn_winding_woodlands_center_garden,
          nzn_winding_woodlands_5x15_concentric], layout_basic,
          kennysheep_generic_room_11

Skill      XL: |  1  2  3  4  5  6  7  8  9 10 |
---------------+-------------------------------+-----
Fighting       | 4 5 6 7 8 10 11 | 11.1
Axes           | 3 4 5 6 7 9 |  9.9
Invocations    | 1 2 3 4 5 7 |  7.8
Armour         | |  3.6
Shields        | |  3.2

Action                     |  1- 3 |  4- 6 |  7- 9 | 10-12 || total
---------------------------+-------+-------+-------+-------++-------
  Melee: War axe           |    63 |   175 |   224 |   136 ||   598
  Throw: Dart              |       |       |     5 |       ||     5
 Invoke: Divine Shield     |       |       |     9 |     2 ||    11
Ability: Hop               |     2 |     4 |     4 |     1 ||    11
    Use: Potion            |       |       |     1 |       ||     1
         Scroll            |       |       |       |     3 ||     3
 Armour: Scale mail        |    23 |    97 |   133 |    68 ||   321
  Dodge: Dodged            |    26 |    62 |    94 |    44 ||   226
  Block: Buckler           |    19 |    36 |   111 |    58 ||   224

Table legend: (Time is in decaauts)
 A = Elapsed time spent in this place.
 B = Non-inter-level travel time spent in this place.
 C = Inter-level travel time spent in this place.
 D = Time resting spent in this place.
 E = Time spent auto-exploring this place.
 F = Levels seen in this place.
 G = Mean time per level.
                   A        B        C        D        E       F      G
               +--------+--------+--------+--------+--------+-----+--------+
         Total |   8340 |   8006 |    334 |   1861 |   4281 |   7 | 1191.4 |
       Dungeon |   8340 |   8006 |    334 |   1861 |   4281 |   7 | 1191.4 |
               +--------+--------+--------+--------+--------+-----+--------+

Top non-repeatable levels by time:
     D:7: 1763 daAuts
     D:4: 1597 daAuts
     D:1: 1303 daAuts
     D:6: 1017 daAuts
     D:2: 992 daAuts
     D:5: 934 daAuts
     D:3: 731 daAuts
